 Dungeon Crawl Stone Soup version 0.27.1-1-g398f81649c (webtiles) character file.

Game seed: 8063913263911810995

141 Atelerd the Sneak (level 5, 0/31 HPs)
             Began as an Octopode Earth Elementalist on Sept 21, 2021.
             Slain by a river rat (6 damage)
             ... in a sewer.
             The game lasted 00:03:47 (3247 turns).

Atelerd the Sneak (Octopode Earth Elementalist)     Turns: 3247, Time: 00:03:48

Health: 0/31       AC:  1    Str:  7    XL:     5   Next: 24%
Magic:  1/9        EV: 13    Int: 18    God:
Gold:   98         SH:  0    Dex: 13    Spells: 4/10 levels left

rFire    . . .     SeeInvis .   a - +0 dagger
rCold    . . .     Faith    .   (no shield)
rNeg     . . .     Spirit   .   (helmet restricted)
rPois    .         Reflect  .   (no amulet)
rElec    .         Harm     .   (no ring)
rCorr    .         Rampage  .   (no ring)
Will     .....                  (no ring)
Stlth    +++++.....             (no ring)
HPRegen  0.10/turn              (no ring)
MPRegen  0.11/turn              (no ring)
                                (no ring)
                                (no ring)

@: very slightly contaminated
A: almost no armour, amphibious, 8 rings, camouflage 1, gelatinous body 1,
nimble swimmer 1, tentacles
a: no special abilities


You were in a sewer.
You visited 1 branch of the dungeon, and saw 3 of its levels.
You also visited: Sewer.

You collected 98 gold pieces.

Inventory:

Hand Weapons
 a - a +0 dagger (weapon)
Jewellery
 j - a ring of fire
Scrolls
 d - a scroll of amnesia
 g - 2 scrolls of noise
Potions
 b - a potion of brilliance {unknown}
 c - a potion of curing {unknown}
 e - a potion of haste {unknown}
 h - a potion of degeneration {unknown}
 i - a potion of resistance {unknown}
 k - a potion of attraction {unknown}


   Skills:
 - Level 2.0 Dodging
 + Level 4.3 Stealth
 + Level 3.0 Spellcasting
 + Level 2.5 Transmutations
 + Level 3.8 Earth Magic


You had 4 spell levels left.
You knew the following spells:

 Your Spells              Type           Power      Damage    Failure   Level
a - Sandblast             Erth           32%        2d9       3%          1
p - Petrify               Tmut/Erth      14%        N/A       41%         4
r - Sting                 Tmut/Pois      28%        1d4       10%         1

Your spell library contained the following spells:

 Spells                   Type           Power      Damage    Failure   Level
 Passwall                 Tmut/Erth      11%        N/A       7%          2
 Stone Arrow              Conj/Erth      18%        3d8       22%         3
 Poisonous Vapours        Pois/Air       4%         N/A       24%         2
 Olgreb's Toxic Radiance  Pois           2%         N/A       85%         4


Dungeon Overview and Level Annotations

Branches:
Dungeon (3/15)              Sewer (1/1)

Altars:
Cheibriados
Uskayaw


Innate Abilities, Weirdness & Mutations

You cannot wear most types of armour.
You are amphibious.
You can wear up to eight rings at the same time.
Your skin changes colour to match your surroundings (Stealth+).
Your rubbery body absorbs attacks. (AC +1, EV +1)
You are camouflaged near water. (Stealth+)
You have tentacles for arms and can constrict up to eight enemies at once.


Message History

Aiming: Sting (safe; 10% risk of failure)
Press: ? - help, Shift-Dir - straight line, f - ball python
Aim: a ball python (64% to hit)
The sting misses the ball python.
The ball python closely misses you. The ball python grabs you.
The ball python constricts you.
* * * LOW HITPOINT WARNING * * *
A rat comes into view.
The ball python barely misses you. The ball python constricts you.
* * * LOW HITPOINT WARNING * * *
Casting: Sting (safe; 10% risk of failure)
Confirm with . or Enter, or press ? or * to list all spells.
Aiming: Sting (safe; 10% risk of failure)
Press: ? - help, Shift-Dir - straight line, f/p - ball python
Aim: a ball python (constricting you, 64% to hit)
The sting hits the ball python.
The ball python is poisoned.
The ball python is moderately wounded.
The ball python bites you.
* * * LOW HITPOINT WARNING * * *
The ball python constricts you.
* * * LOW HITPOINT WARNING * * *
Unknown command.
You hit the ball python.
You kill the ball python!
Unknown command.
The rat bites you.
* * * LOW HITPOINT WARNING * * *
A rat comes into view.
The rat twitches its whiskers.
The rat moves out of view.
A rat comes into view.
The river rat barely misses you.
Casting: Sting (safe; 10% risk of failure)
Confirm with . or Enter, or press ? or * to list all spells.
Aiming: Sting (safe; 10% risk of failure)
Press: ? - help, Shift-Dir - straight line, f - river rat
Aim: a river rat (water, 64% to hit)
You miscast Sting.
You are very lightly contaminated with residual magic.
Nothing appears to happen.
The river rat bites you.
You die...

##+###≈≈≈≈≈≈###
#..≈≈≈≈≈≈≈≈≈≈≈.
....≈≈≈≈≈≈≈≈≈≈.
....≈≈≈≈≈≈≈≈≈≈.
....≈≈≈≈≈≈≈.≈..
#r...≈≈≈≈≈≈≈≈≈...
#r...≈≈≈≈≈≈≈≈#
#....≈r≈≈@≈≈≈#
#.....≈≈r≈≈≈##.
#....r≈≈≈≈≈##...
#....≈≈≈≈≈#....
####...r≈≈≈≈≈.....
#∩###...≈≈≈≈≈≈....
#.###..≈≈≈≈≈≈....#
#..#...≈≈≈≈≈≈≈.###
##......≈≈≈≈≈≈.##


You could see 2 river rats and 2 rats.

Vanquished Creatures
  Terence (D:1)
  A river rat (Sewer)
  5 adders
  2 dart slugs
  4 orcs (D:3)
  4 bats
  2 endoplasms
  2 giant cockroaches (D:3)
  2 goblins
  4 hobgoblins
  7 kobolds
  6 quokkas
  5 ball pythons
  13 rats
58 creatures vanquished.

Notes
Turn   | Place    | Note
-------+----------+-------------------------------------------
     0 | D:1      | Atelerd the Octopode Earth Elementalist began the quest for
                  | the Orb.
     0 | D:1      | Reached XP level 1. HP: 11/11 MP: 3/3
   250 | D:1      | Reached skill level 3 in Stealth
   250 | D:1      | Reached XP level 2. HP: 17/17 MP: 3/5
  1179 | D:2      | Reached XP level 3. HP: 21/21 MP: 4/6
  1915 | D:2      | Found a faded altar of an unknown god.
  1928 | D:2      | Noticed Terence
  1986 | D:1      | Killed Terence
  1987 | D:1      | Reached XP level 4. HP: 13/27 MP: 1/8
  2484 | D:3      | Found a snail-covered altar of Cheibriados.
  2486 | D:3      | Reached skill level 4 in Stealth
  2513 | D:3      | Found a hide-covered altar of Uskayaw.
  2993 | D:3      | Reached XP level 5. HP: 12/31 MP: 9/9
  3017 | D:3      | Found a glowing drain.
  3025 | Sewer    | Entered a sewer
  3028 | Sewer    | Learned a level 1 spell: Sting
  3033 | Sewer    | Learned a level 4 spell: Petrify
  3247 | Sewer    | Slain by a river rat

Illustrated notes

Levels and vault maps discovered:
D:1:      lemuel_arrival_river_bridge, layout_loops_ring,
          corexii_item_surrounded_by_moat, minivault_4, minmay_rat_gold_closets
D:2:      layout_basic, ebering_ecumenical_altar_abandoned, uniq_terence
D:3:      layout_basic, nicolae_uskayaw_dance_hall, cheibriados_altar_1,
          gup_sewer_entry_bubbles, minmay_liquid_box, uniq_ijyb
Sewer:    sewer_minmay_treatment

Skill      XL: |  1  2  3  4  5 |
---------------+----------------+-----
Stealth        | 3 4 |  4.3
Transmutations | 2 |  2.5
Spellcasting   | 3 |  3.0
Dodging        | |  2.0
Earth Magic    | |  3.8

Action                   |  1- 3 |  4- 6 || total
-------------------------+-------+-------++-------
Melee: Dagger            |    41 |    53 ||    94
       Constrict         |    10 |    12 ||    22
       Tentacles         |     3 |     6 ||     9
 Cast: Sandblast         |    37 |     8 ||    45
       Sting             |       |     7 ||     7
  Use: Scroll            |       |     2 ||     2
 Stab: Sleeping          |     8 |     6 ||    14
       Distracted        |       |     1 ||     1
Armor: Skin              |     7 |     7 ||    14
Dodge: Dodged            |    38 |    42 ||    80
